Map: Romanticide LE

Players

LanaDelRey - Winner!

  • Race: Protoss Protoss
  • League: Master
  • Spawn Location: 11:00

HoneyBee

  • Race: Protoss Protoss
  • League: Master
  • Spawn Location: 5:00

VOD

Have the link to the VOD?

Description

Time

  • Played on: March 27, 2021, 8:16 a.m.
  • Length: 18:01
Show
View Real Time Build Order
Export as new Build Order

LanaDelRey Protoss - Winner!

Build Orders: Phoenix Opening 

Get SALT Encoding   

  12  0:00  Probe  
  13  0:13  Probe  
  14  0:19  Pylon  
  14  0:25  Probe (Chrono Boost)  
  15  0:37  Gateway  
  15  0:39  Probe (Chrono Boost)  
  16  0:44  Probe (Chrono Boost)  
  16  0:46  Assimilator  
  17  0:53  Probe  
  17  0:54  Assimilator  
  18  1:05  Probe (Chrono Boost)  
  19  1:14  Probe (Chrono Boost)  
  20  1:19  Probe (Chrono Boost)  
  20  1:20  Pylon  
  20  1:25  Cybernetics Core  
  21  1:31  Probe  
  22  1:43  Probe  
  23  2:00  Adept (Chrono Boost)  
  23  2:03  Warp Gate  
  25  2:10  Stargate  
  25  2:16  Pylon  
  25  2:22  Adept  
  25  2:24  Robotics Facility  
  27  2:34  Probe  
  28  2:46  Probe  
  29  2:54  Phoenix  
  29  2:58  Probe  
  32  3:09  Immortal (Chrono Boost)  
  32  3:10  Probe  
  34  3:20  Phoenix  
  34  3:21  Shield Battery  
  34  3:25  Pylon  
  34  3:41  Immortal  
  38  3:46  Probe  
  38  3:47  Pylon  
  39  4:05  Probe  
  39  4:08  Nexus  
  40  4:15  Phoenix  
  42  4:21  Pylon  
  42  4:23  Observer  
  43  4:27  Probe (Chrono Boost)  
  45  4:39  Probe (Chrono Boost)  
  45  4:45  Probe (Chrono Boost)  
  46  4:53  Probe  
  46  4:54  Immortal  
  51  5:02  Sentry  
  51  5:05  Probe  
  52  5:17  Probe (Chrono Boost)  
  53  5:22  Assimilator  
  53  5:24  Assimilator  
  53  5:27  Probe (Chrono Boost)  
  53  5:28  Void Ray  
  55  5:29  Probe (Chrono Boost)  
  55  5:34  Probe (Chrono Boost)  
  55  5:35  Probe (Chrono Boost)  
  61  5:44  Probe  
  61  5:45  Probe  
  61  5:48  Pylon  
  63  5:52  Shield Battery  
  63  5:54  Robotics Bay  
  63  5:56  Probe  
  64  5:57  Probe  
  65  6:08  Probe  
  65  6:10  Immortal (Chrono Boost)  
  70  6:11  Probe  
  71  6:20  Probe  
  71  6:22  Void Ray  
  71  6:23  Probe  
  71  6:24  Forge  
  73  6:27  Pylon  
  77  6:42  Forge  
  77  6:45  Colossus (Chrono Boost)  
  83  6:51  Probe  
  84  6:58  Zealot  
  84  6:59  Protoss Ground Weapons Level 1  
  86  7:02  Shield Battery  
  86  7:11  Pylon  
  86  7:12  Pylon  
  86  7:17  Pylon  
  86  7:20  Void Ray (Chrono Boost)  
  86  7:23  Colossus (Chrono Boost)  
  90  7:31  Zealot  
  98  7:46  Gateway  
  98  7:50  Void Ray (Chrono Boost)  
  98  7:51  Gateway  
  90  8:25  Zealot  
  76  8:35  Probe  
  76  8:37  Colossus (Chrono Boost), Void Ray  
  79  8:44  Nexus  
  83  8:53  Zealot x2  
  81  8:59  Zealot  
  73  9:06  Gateway  
  73  9:07  Gateway  
  73  9:13  Zealot  
  73  9:14  Zealot  
  73  9:15  Colossus (Chrono Boost)  
  73  9:17  Nexus  
  77  9:18  Pylon  
  77  9:22  Protoss Ground Armor Level 1 (Chrono Boost)  
  83  9:24  Twilight Council  
  83  9:37  Probe x2  
  85  9:43  Void Ray  
  85  9:46  Photon Cannon  
  85  9:48  Photon Cannon  
  89  9:53  Sentry  
  89  9:58  Probe  
  89  9:59  Probe, Shield Battery  
  93  10:02  Charge  
  93  10:10  Templar Archives  
  93  10:16  Colossus  
  93  10:20  Probe  
  100  10:29  Probe  
  101  10:41  Probe  
  102  10:46  Photon Cannon  
  102  10:49  Photon Cannon, High Templar x2, Zealot  
  108  10:50  Shield Battery  
  108  10:51  Probe  
  108  10:52  Archon  
  108  10:55  Void Ray  
  108  10:56  Probe  
  110  10:57  Protoss Ground Weapons Level 2 (Chrono Boost)  
  114  11:10  Disruptor  
  117  11:15  Probe x3  
  117  11:17  Assimilator  
  120  11:19  Assimilator  
  120  11:32  Void Ray  
  124  11:40  Pylon  
  124  11:41  Pylon  
  124  11:55  Nexus  
  124  11:57  Pylon  
  124  11:58  Disruptor (Chrono Boost)  
  124  12:00  Photon Cannon  
  126  12:02  Shield Battery  
  126  12:13  Zealot x4  
  116  12:17  Void Ray (Chrono Boost)  
  120  12:30  Colossus (Chrono Boost)  
  120  12:36  Nexus, Zealot  
  128  12:37  Zealot  
  128  12:38  Pylon  
  128  12:40  High Templar x2  
  128  12:44  Archon  
  134  12:55  Zealot  
  118  13:01  Zealot x2  
  77  13:15  Zealot x3  
  71  13:20  Colossus (Chrono Boost)  
  71  13:23  Zealot x2  
  71  13:24  Void Ray (Chrono Boost)  
  74  13:37  Zealot x3  
  77  13:46  Zealot x2  
  69  13:58  Void Ray (Chrono Boost)  
  69  13:59  Zealot  
  69  14:01  High Templar x2  
  73  14:04  Protoss Ground Weapons Level 3 (Chrono Boost)  
  73  14:05  Archon  
  71  14:10  High Templar  
  71  14:11  High Templar  
  71  14:14  Archon  
  71  14:16  Probe (Chrono Boost)  
  76  14:22  Zealot  
  78  14:27  Probe (Chrono Boost)  
  78  14:28  Gateway  
  78  14:30  Colossus (Chrono Boost), Gateway  
  82  14:31  Probe (Chrono Boost)  
  82  14:33  Void Ray  
  82  14:37  High Templar x2  
  90  14:41  Probe x2  
  90  14:44  Probe  
  93  14:45  Archon  
  97  14:53  High Templar  
  97  14:54  High Templar  
  97  14:56  Zealot  
  97  14:57  Archon  
  100  15:15  High Templar x2  
  100  15:17  Zealot  
  100  15:20  Archon, Shield Battery  
  106  15:22  Shield Battery  
  106  15:23  Shield Battery  
  106  15:24  Photon Cannon  
  106  15:34  Zealot  
  106  15:35  Zealot x2  
  110  15:38  Zealot  
  110  15:42  Void Ray  
  87  15:43  Probe x2  
  87  15:45  Zealot  
  85  15:53  Zealot x2  
  83  16:02  Zealot x2  
  83  16:05  Probe  
  83  16:08  Zealot  
  78  16:16  Probe  
  78  16:17  Probe  
  80  16:21  Zealot  
  80  16:22  Zealot  
  80  16:23  High Templar  
  80  16:24  High Templar  
  88  16:26  High Templar  
  88  16:28  High Templar  
  88  16:29  Archon  
  92  16:33  Archon  
  92  16:35  Probe  
  92  16:37  Probe  
  92  16:39  Probe  
  95  16:41  Probe  
  96  16:56  Probe  
  96  16:57  Probe x2  
  99  17:01  Assimilator  
  99  17:04  Assimilator  
  99  17:09  Zealot  
  99  17:10  Void Ray (Chrono Boost)  
  99  17:11  Nexus, Observer (Chrono Boost)  
  99  17:13  Zealot  
  108  17:30  Zealot x3  
  108  17:35  Zealot x2  
  114  17:49  Probe x2  
Show
View Real Time Build Order
Export as new Build Order

HoneyBee Protoss 

Build Orders: Zealot Archon 

Get SALT Encoding   

  12  0:00  Probe  
  13  0:12  Probe  
  14  0:20  Pylon  
  14  0:24  Probe (Chrono Boost)  
  15  0:39  Gateway  
  15  0:40  Probe (Chrono Boost)  
  16  0:46  Probe (Chrono Boost)  
  17  0:50  Assimilator  
  17  0:55  Probe (Chrono Boost)  
  18  1:07  Probe (Chrono Boost)  
  18  1:08  Assimilator  
  19  1:16  Probe (Chrono Boost), Gateway  
  20  1:21  Probe  
  21  1:30  Cybernetics Core  
  21  1:33  Probe  
  21  1:39  Pylon  
  22  1:45  Probe  
  23  1:57  Probe  
  24  2:07  Stalker x2  
  28  2:09  Probe  
  29  2:17  Pylon x2  
  29  2:24  Shield Battery  
  29  2:31  Warp Gate (Chrono Boost)  
  29  2:41  Stalker x2  
  33  2:53  Robotics Facility  
  32  3:23  Probe  
  33  3:35  Probe  
  34  3:47  Probe  
  35  3:49  Nexus  
  35  3:50  Pylon  
  35  3:59  Probe, Immortal (Chrono Boost)  
  40  4:10  Shield Battery  
  40  4:11  Probe  
  40  4:13  Adept  
  40  4:14  Adept  
  45  4:23  Probe  
  46  4:31  Observer (Chrono Boost)  
  46  4:33  Pylon  
  47  4:45  Twilight Council  
  47  4:51  Probe  
  48  5:05  Probe (Chrono Boost)  
  49  5:10  Probe (Chrono Boost)  
  49  5:12  Immortal  
  50  5:14  Sentry x2  
  50  5:20  Probe x2 (Chrono Boost), Charge (Chrono Boost)  
  56  5:28  Probe, Pylon  
  55  5:45  Probe x2  
  57  5:50  Gateway  
  57  5:51  Gateway  
  57  5:53  Gateway  
  57  5:57  Probe x2  
  57  5:59  Templar Archives  
  59  6:06  Assimilator  
  59  6:12  Assimilator  
  59  6:16  Probe  
  59  6:17  Probe  
  61  6:22  Pylon  
  61  6:25  Pylon  
  61  6:28  Probe  
  61  6:29  Probe  
  61  6:30  Gateway  
  63  6:33  Gateway  
  63  6:45  High Templar x2  
  67  6:49  Archon  
  67  6:54  Pylon  
  67  6:58  High Templar  
  67  6:59  High Templar  
  67  7:00  Zealot  
  73  7:03  Archon  
  73  7:08  Probe x2  
  75  7:10  Gateway  
  75  7:11  Gateway  
  75  7:18  Zealot x3  
  81  7:25  Zealot  
  81  7:28  High Templar  
  85  7:31  High Templar  
  85  7:32  Zealot  
  85  7:33  Zealot x2  
  85  7:35  Archon  
  93  7:39  Warp Prism (Chrono Boost), Zealot  
  97  7:49  Zealot  
  95  8:01  Zealot x4  
  87  8:12  High Templar x2  
  90  8:13  Zealot x2  
  90  8:16  Archon  
  70  8:32  Stalker x4  
  70  8:33  Stalker  
  58  8:48  Zealot x3  
  58  8:49  Zealot  
  58  8:58  Zealot x2  
  62  9:04  High Templar  
  62  9:05  High Templar  
  62  9:09  Archon  
  66  9:13  High Templar  
  66  9:14  High Templar  
  66  9:15  Zealot x3  
  76  9:18  Archon  
  76  9:23  Zealot  
  76  9:24  Zealot  
  80  9:39  High Templar  
  80  9:41  High Templar  
  80  9:42  Zealot x3  
  90  9:46  Archon  
  90  9:47  Zealot  
  90  9:51  Zealot  
  94  10:06  High Templar  
  96  10:09  High Templar, Zealot x2  
  96  10:13  Archon  
  102  10:16  Pylon  
  102  10:37  Nexus  
  102  10:39  High Templar x2  
  102  10:42  Pylon  
  106  10:43  Probe  
  106  10:45  Archon  
  106  10:46  Stalker  
  109  10:52  Observer  
  110  11:00  Blink (Chrono Boost), Probe x2  
  112  11:04  Zealot x2  
  112  11:05  Zealot  
  118  11:16  Pylon  
  118  11:17  Probe x2  
  118  11:19  Pylon  
  118  11:34  Probe  
  118  11:35  Pylon  
  118  11:37  Pylon  
  118  11:38  High Templar  
  118  11:39  High Templar, Zealot x3  
  125  11:43  Archon  
  125  11:44  Stalker  
  125  11:50  Zealot  
  125  11:52  Sentry  
  129  11:54  Zealot  
  123  12:18  High Templar x2  
  123  12:19  Zealot x5  
  123  12:20  Zealot x2  
  141  12:24  Archon  
  139  12:34  Probe x3  
  142  12:40  Zealot x7  
  104  13:02  Zealot x6  
  104  13:03  Zealot x3  
  84  13:23  High Templar x2  
  84  13:24  High Templar x2, Zealot  
  84  13:25  Zealot x4  
  96  13:28  Archon x2  
  76  13:55  Zealot x7  
  76  13:56  Zealot x2  
  80  14:09  Probe  
  81  14:16  High Templar x4  
  89  14:17  Zealot x2  
  89  14:18  Zealot x3  
  89  14:21  Archon x2  
  89  14:22  Nexus  
  99  14:25  Assimilator  
  99  14:38  Zealot  
  99  14:39  Zealot x2  
  99  14:42  High Templar x2  
  109  14:47  Archon  
  109  14:52  High Templar  
  109  14:55  High Templar  
  109  14:56  Zealot x2  
  117  15:03  Archon  
  117  15:12  Stalker x3  
  123  15:15  Zealot x2  
  123  15:21  Zealot x2  
  125  15:36  Stalker  
  125  15:37  Stalker x5  
  97  15:58  Zealot  
  97  15:59  Zealot x2  
  57  16:20  High Templar x2  
  57  16:21  Zealot x5  
  57  16:22  Zealot x2  
  57  16:25  Archon  
  73  16:31  Gateway  
  73  16:34  Gateway  
  73  16:41  Probe x3  
  73  16:43  Probe  
  73  16:44  High Templar x2, Zealot  
  73  16:45  Zealot x2  
  87  16:54  Assimilator  
  87  16:55  Zealot  
  87  16:56  Zealot  
  87  16:58  Archon  
  87  16:59  Assimilator  
  91  17:08  Pylon, Zealot x2  
  91  17:12  Zealot  
  97  17:16  Zealot  
  97  17:32  High Templar  
  97  17:33  High Templar  
  97  17:35  Stalker x3, Zealot x2  
  111  17:37  Archon  
  107  17:44  Zealot x3  
  107  17:48  Zealot  
  82  17:56  Zealot x2  
Tags
 
Composition
Zealot Archon
Matchup
PvP
Spawn Locations
Cross Positions
Add a new tag
Caveats
  • Supply blocks, unpowered buildings, or Contaminate may cause inaccurate times.
  • Supply counts are checked every 10 seconds.